[Event "Titled Tuesday Blitz April 19 Early 2022"]
[White "Soucek, Petr"]
[Black "Zhurikhin, Alexander"]
[WhiteFideId "23715170"]
[BlackFideId "4139569"]
[WhiteElo "1979"]
[BlackElo "2204"]
[Result "1-0"]
[Round "01"]
[TimeControl "180+1"]
[Date "2022.04.19"]
[WhiteClock "0:00:22"]
[BlackClock "0:00:19"]

1. e4 c5 2. Nf3 d6 3. d4 cxd4 4. Qxd4 a6 5. Be2 Nc6 6. Qe3 Nf6 7. O-O e6 8. Rd1 Be7 9. c4 Qc7 10. Nc3 O-O 11. b3 b6 12. Ba3 Bb7 13. Rac1 Rfd8 14. Nd5 exd5 15. cxd5 Ng4 16. Qf4 Nge5 17. dxc6 Bxc6 18. Nd4 Qb7 19. Nf5 Bf8 20. Nxd6 Bxd6 21. Bxd6 Ng6 22. Qg3 Bb5 23. Bf3 Rac8 24. e5 Qd7 25. Bg4 Rxc1 26. Rxc1 Qe8 27. h4 Bd7 28. Bf3 h6 29. h5 Nf8 30. Rc7 Ne6 31. Rb7 Bc6 32. Rxb6 Bxf3 33. Qxf3 Rc8 34. Rxa6 Nd4 35. Qd5 Ne2+ 36. Kh2 Nf4 37. Qf3 Ne6 38. Ra7 Ng5 39. Qf5 Ra8 40. Re7 Qc8 41. Qxc8+ Rxc8 42. a4 Rc2 43. a5 Rxf2 44. a6 Ra2 45. a7 Kh7 46. Bc5 Ne4 47. Bb6 Nd2 48. Re8 Nf3+ 49. Kg3 Nxe5 50. Rxe5 Ra3 51. Rb5 g5 52. hxg6+ fxg6 53. Bd4 g5 54. Rb7+ Kg6 55. Rb8 h5 56. a8=Q h4+ 57. Kg4 Rxa8 58. Rxa8 h3 59. Ra6+ 1-0


[Site "https://www.chess.com"]

[Event "Titled Tuesday Blitz April 19 Early 2022"]
[White "Stefanov, Plamen"]
[Black "Kadam, Om Manish"]
[WhiteFideId "2900980"]
[BlackFideId "45076294"]
[WhiteElo "2137"]
[BlackElo "1729"]
[Result "0-1"]
[Round "01"]
[TimeControl "180+1"]
[Date "2022.04.19"]
[WhiteClock "0:00:30"]
[BlackClock "0:02:22"]

1. e4 c6 2. d4 d5 3. e5 c5 4. c3 Nc6 5. Nf3 Bg4 6. Be2 e6 7. O-O Nge7 8. h3 Bxf3 9. Bxf3 cxd4 10. cxd4 Nf5 11. Be3 Qb6 12. Nc3 Nfxd4 13. Na4 Nxf3+ 14. gxf3 Qb5 15. f4 Be7 16. a3 O-O 17. b4 d4 18. Bd2 Rfd8 19. Nb2 d3 20. Qf3 Nd4 21. Qg2 Rac8 22. Kh1 Rc2 23. Rg1 g6 24. Be3 Rxb2 25. Bxd4 Rxd4 26. Rac1 Rc2 27. Rgd1 Rxc1 28. Rxc1 d2 29. Rc8+ Rd8 30. Rxd8+ Bxd8 31. Qg1 Qd5+ 32. Kh2 d1=Q 0-1


[Site "https://www.chess.com"]

[Event "Titled Tuesday Blitz April 19 Early 2022"]
[White "Stelmaszyk, Nico"]
[Black "Agibileg, Uurtsaikh"]
[WhiteFideId "16200462"]
[BlackFideId "4901606"]
[WhiteElo "2119"]
[BlackElo "2205"]
[Result "0-1"]
[Round "01"]
[TimeControl "180+1"]
[Date "2022.04.19"]
[WhiteClock "0:01:23"]
[BlackClock "0:00:50"]

1. e4 c5 2. Nf3 e6 3. c3 Nf6 4. e5 Nd5 5. d4 cxd4 6. cxd4 d6 7. Bc4 Be7 8. O-O O-O 9. Qe2 Nd7 10. Bxd5 exd5 11. Nc3 dxe5 12. Nxe5 Nf6 13. Bg5 Be6 14. Rfe1 h6 15. Bh4 Re8 16. Rac1 Rc8 17. Qb5 Qb6 18. Qxb6 axb6 19. Nb5 g5 20. Bg3 Bb4 21. Red1 Bd2 22. Rb1 Bf5 23. Ra1 Bb4 24. a3 Bf8 25. f3 Rc2 26. Rac1 Rec8 27. Rxc2 Rxc2 28. b4 Nh5 29. Be1 Nf4 30. Rd2 Rc1 31. Kf1 f6 32. Ng4 Bd3+ 33. Kf2 Bxb5 34. Nxf6+ Kf7 0-1


[Site "https://www.chess.com"]

[Event "Titled Tuesday Blitz April 19 Early 2022"]
[White "Suarez Uriel, Adrian"]
[Black "Shipov, Sergei"]
[WhiteFideId "22230874"]
[BlackFideId "4113624"]
[WhiteElo "2316"]
[BlackElo "2795"]
[Result "0-1"]
[Round "01"]
[TimeControl "180+1"]
[Date "2022.04.19"]
[WhiteClock "0:00:09"]
[BlackClock "0:00:04"]

1. e4 c5 2. Ne2 d6 3. g3 Nc6 4. Bg2 g6 5. c3 Bg7 6. d4 e5 7. Be3 Qb6 8. d5 Nb8 9. b4 Nd7 10. O-O Qc7 11. Nd2 Ngf6 12. h3 O-O 13. a4 a5 14. Rc1 Nb6 15. Nb3 axb4 16. cxb4 Nxa4 17. bxc5 dxc5 18. Nxc5 Nxc5 19. Rxc5 Qd8 20. Qb3 Ne8 21. Nc3 Nd6 22. Nb5 Nxb5 23. Rxb5 Kh8 24. Rc1 f5 25. f3 f4 26. gxf4 exf4 27. Bc5 Re8 28. Bf2 Qg5 29. h4 Qf6 30. Rbc5 g5 31. h5 g4 32. R5c4 g3 33. Bd4 Qxd4+ 34. Rxd4 Bxd4+ 35. Kf1 Be5 36. Qb6 Bd7 37. Rc7 Ra1+ 38. Ke2 Ra2+ 39. Kd3 Ba4 40. Qxb7 Kg8 41. Rc8 Bb5+ 42. Qxb5 Rxc8 43. Qb4 Rc3+ 44. Qxc3 Bxc3 45. Kxc3 Rxg2 46. Kd4 Kf7 0-1


[Site "https://www.chess.com"]

[Event "Titled Tuesday Blitz April 19 Early 2022"]
[White "Subaste, Arman"]
[Black "Hua, Lefong"]
[WhiteFideId "5221080"]
[BlackFideId "2602253"]
[WhiteElo "1856"]
[BlackElo "2581"]
[Result "0-1"]
[Round "01"]
[TimeControl "180+1"]
[Date "2022.04.19"]
[WhiteClock "0:00:19"]
[BlackClock "0:00:21"]

1. d4 Nf6 2. Nf3 g6 3. c4 Bg7 4. Nc3 O-O 5. g3 d6 6. Bg2 Nc6 7. O-O a6 8. h3 Rb8 9. a4 a5 10. e3 e5 11. b3 Re8 12. Bb2 h5 13. Rc1 e4 14. Ng5 Bf5 15. Ba3 Nb4 16. Bxb4 axb4 17. Na2 Nd7 18. h4 c5 19. dxc5 dxc5 20. Qc2 Qe7 21. Rcd1 Bh6 22. Nh3 Ne5 23. Nc1 Nd3 24. Ne2 Rbd8 25. Kh2 Rd7 26. Nhf4 Red8 27. Nd5 Rxd5 28. cxd5 Rxd5 29. Qc4 Rd8 30. Nc1 Bg7 31. Nxd3 exd3 32. e4 Be6 33. Qb5 d2 34. Qe2 Bc3 35. Rb1 Rd4 36. Rfd1 c4 37. bxc4 Bxc4 38. Qe3 Rd3 39. Qf4 Ba2 40. Ra1 Bxa1 41. Rxa1 d1=R 42. Rxd1 Rxd1 0-1


[Site "https://www.chess.com"]

[Event "Titled Tuesday Blitz April 19 Early 2022"]
[White "Svane, Frederik"]
[Black "Jegorovas, Aleksandras"]
[WhiteFideId "12923044"]
[BlackFideId "12801950"]
[WhiteElo "2459"]
[BlackElo "2247"]
[Result "1-0"]
[Round "01"]
[TimeControl "180+1"]
[Date "2022.04.19"]
[WhiteClock "0:00:58"]
[BlackClock "0:01:08"]

1. c4 Nf6 2. Nf3 e6 3. e3 c5 4. Nc3 b6 5. d4 cxd4 6. exd4 Bb7 7. Bd3 Bb4 8. O-O O-O 9. Bg5 h6 10. Bh4 Be7 11. Bc2 d5 12. cxd5 Nxd5 13. Qd3 g6 14. Bxe7 Qxe7 15. Bb3 Nxc3 16. bxc3 Nc6 17. Rfe1 Qf6 18. Re3 Rfd8 19. Rae1 Rac8 20. Rxe6 fxe6 21. Rxe6 Qxe6 22. Qxg6+ 1-0


[Site "https://www.chess.com"]

[Event "Titled Tuesday Blitz April 19 Early 2022"]
[White "Swicarz, Maciej"]
[Black "Kobo, Ori"]
[WhiteFideId "1113585"]
[BlackFideId "2812320"]
[WhiteElo "2057"]
[BlackElo "2420"]
[Result "0-1"]
[Round "01"]
[TimeControl "180+1"]
[Date "2022.04.19"]
[WhiteClock "0:00:03"]
[BlackClock "0:00:21"]

1. e4 e6 2. d4 d5 3. Nd2 c5 4. exd5 Qxd5 5. Ngf3 cxd4 6. Bc4 Qd7 7. Nb3 Nc6 8. Nbxd4 Nxd4 9. Qxd4 Qxd4 10. Nxd4 a6 11. Be3 Bd7 12. O-O-O Nf6 13. Rhe1 Ng4 14. h3 Nxe3 15. Rxe3 Be7 16. f4 g6 17. Nf3 Bc6 18. g4 Bc5 19. Rb3 b5 20. Be2 Rc8 21. Ne5 Bd5 22. Rc3 f6 23. Nf3 Ke7 24. a3 Bd6 25. Rxc8 Bxf4+ 26. Kb1 Rxc8 27. Nd4 Be4 28. Bd3 Bxd3 29. Rxd3 e5 30. Nb3 f5 31. gxf5 gxf5 32. Rf3 Kf6 33. Rf1 Bg5 34. Nc1 e4 35. Ne2 Ke5 36. Rg1 h6 37. Rf1 f4 38. c3 f3 39. Nd4 Rf8 40. Kc2 f2 41. Kd1 e3 42. Ke2 Ke4 43. Nc2 Rd8 44. Nd4 Bf6 45. Rd1 Bxd4 46. cxd4 Rxd4 0-1


[Site "https://www.chess.com"]

[Event "Titled Tuesday Blitz April 19 Early 2022"]
[White "Tan, Jun Ying"]
[Black "De Souza, Cristiano Gomes"]
[WhiteFideId "5710413"]
[BlackFideId "2151758"]
[WhiteElo "1827"]
[BlackElo "2068"]
[Result "1-0"]
[Round "01"]
[TimeControl "180+1"]
[Date "2022.04.19"]
[WhiteClock "0:00:36"]
[BlackClock "0:01:00"]

1. d4 Nf6 2. c4 g6 3. Nc3 Bg7 4. e4 d6 5. Nf3 O-O 6. Be2 e5 7. O-O Nc6 8. d5 Ne7 9. b4 Nh5 10. Re1 f5 11. Ng5 Nf6 12. f3 h6 13. Ne6 Bxe6 14. dxe6 c6 15. b5 Kh7 16. Ba3 c5 17. Nd5 Ne8 18. Qd3 Nc7 19. Rad1 Nexd5 20. cxd5 a6 21. bxa6 Rxa6 22. Qb3 b5 23. Bc1 c4 24. Qb2 Ra4 25. Be3 Qb8 26. Rb1 Qa8 27. Ra1 Rb8 28. a3 Bf6 29. Bd2 f4 30. Bb4 Be7 31. g3 fxg3 32. hxg3 Nxd5 33. exd5 Qxd5 34. Rad1 Qxe6 35. Qd2 Ra6 36. Kg2 Rd8 37. Qd5 Qxd5 38. Rxd5 Rb8 39. Red1 Kg7 40. f4 exf4 41. gxf4 Kf7 42. Bg4 Rc6 43. Kf3 c3 44. Rc1 c2 45. Rd2 d5 46. Rcxc2 Rxc2 47. Rxc2 Bxb4 48. axb4 h5 49. Bd7 Ra8 50. Bxb5 Ra3+ 51. Kf2 Rb3 52. Bc6 Rxb4 53. Bxd5+ Kf6 54. Kf3 g5 55. Rc6+ Kg7 56. fxg5 Rg4 57. Rc7+ Kg6 58. Bf7+ Kxg5 59. Rc5+ Kf6 60. Bxh5 Rg5 61. Rc6+ Kg7 62. Bg4 Rg6 63. Rc7+ Kh6 64. Kf4 Rf6+ 65. Bf5 Rg6 66. Bxg6 Kxg6 67. Rc6+ Kf7 68. Kf5 Ke7 69. Re6+ Kd7 70. Ke5 Kc7 71. Rd6 Kc8 72. Kd5 Kc7 73. Kc5 Kc8 74. Kc6 Kb8 75. Rd7 Kc8 76. Kd6 Kb8 77. Rc7 Ka8 78. Kc6 Kb8 79. Kb6 Ka8 80. Rc8# 1-0


[Site "https://www.chess.com"]

[Event "Titled Tuesday Blitz April 19 Early 2022"]
[White "Tanenbaum, Zachary"]
[Black "Ocelak, Jakub"]
[WhiteFideId "2060850"]
[BlackFideId "23707933"]
[WhiteElo "2168"]
[BlackElo "2048"]
[Result "1-0"]
[Round "01"]
[TimeControl "180+1"]
[Date "2022.04.19"]
[WhiteClock "0:00:14"]
[BlackClock "0:00:01"]

1. e4 c5 2. Nf3 e6 3. d4 cxd4 4. Nxd4 Nf6 5. Nc3 Nc6 6. Ndb5 d6 7. Bf4 e5 8. Bg5 a6 9. Na3 b5 10. Bxf6 gxf6 11. Nd5 Bg7 12. Be2 f5 13. exf5 Bxf5 14. O-O O-O 15. c3 Rc8 16. Nc2 Be6 17. a4 bxa4 18. Nce3 Rb8 19. Qxa4 Ne7 20. Nxe7+ Qxe7 21. Qa3 Rb3 22. Qxa6 Rxb2 23. Rad1 Rc8 24. Bc4 Bf8 25. Bxe6 Qxe6 26. Nd5 Rc5 27. c4 Rc2 28. Ne3 Re2 29. g3 Kg7 30. Qa1 Qg6 31. Qa8 Be7 32. Qf3 Ra2 33. Nf5+ Kf8 34. Ne3 Kg7 35. Rb1 Rc8 36. Rb7 Bf6 37. Rd1 Rb2 38. Rxb2 e4 39. Qe2 Bxb2 40. Qxb2+ Qf6 41. Nf5+ Kg6 42. Rxd6 1-0


[Site "https://www.chess.com"]

[Event "Titled Tuesday Blitz April 19 Early 2022"]
[White "Tasev, Dejan"]
[Black "Rudykh, Stepan"]
[WhiteFideId "936618"]
[BlackFideId "4180321"]
[WhiteElo "2253"]
[BlackElo "2100"]
[Result "1-0"]
[Round "01"]
[TimeControl "180+1"]
[Date "2022.04.19"]
[WhiteClock "0:01:52"]
[BlackClock "0:01:44"]

1. e4 e6 2. d4 d5 3. Nc3 Bb4 4. e5 c5 5. a3 Bxc3+ 6. bxc3 Ne7 7. Nf3 Qa5 8. Bd2 Qa4 9. Bd3 Nbc6 10. dxc5 Ng6 11. Qe2 Nf4 12. Bxf4 Qxf4 13. O-O O-O 14. Rfe1 h6 15. Rab1 Qa4 16. Rb3 Qa5 17. Qe3 Nb8 18. Rb4 Nd7 19. Rg4 Kh8 20. Rh4 Qxc5 21. Rxh6+ Kg8 22. Qg5 f6 23. Qh5 gxh6 24. Qg6+ 1-0


[Site "https://www.chess.com"]

[Event "Titled Tuesday Blitz April 19 Early 2022"]
[White "Terzi, Alexei"]
[Black "Meekins, Kristopher C"]
[WhiteFideId "13505076"]
[BlackFideId "2005964"]
[WhiteElo "2031"]
[BlackElo "2282"]
[Result "1/2-1/2"]
[Round "01"]
[TimeControl "180+1"]
[Date "2022.04.19"]
[WhiteClock "0:00:11"]
[BlackClock "0:00:42"]

1. e4 c5 2. Nf3 e6 3. d4 cxd4 4. Nxd4 a6 5. c4 Qc7 6. Nc3 Nc6 7. Nxc6 bxc6 8. Bd3 Nf6 9. O-O Be7 10. Qe2 d6 11. b3 O-O 12. Bb2 e5 13. Rac1 Be6 14. Na4 Nd7 15. c5 dxc5 16. Bc4 Bxc4 17. Qxc4 Rfd8 18. Rfd1 Bf6 19. Nxc5 Nxc5 20. Qxc5 Rxd1+ 21. Rxd1 Rd8 22. Rxd8+ Qxd8 23. Qc2 Qd6 24. Kf1 g6 25. Ke2 Kg7 26. Qd3 Qc5 27. Qc4 Qxc4+ 28. bxc4 Kf8 29. f4 Ke7 30. fxe5 Bg7 31. Ke3 Ke6 32. Kf4 Bh6+ 33. Kg4 Bg7 34. Kf4 Bh6+ 35. Kf3 Bg7 36. a4 Bxe5 37. Bxe5 Kxe5 38. Ke3 c5 39. a5 f5 40. exf5 Kxf5 41. Kf3 Ke5 42. Ke3 h5 43. g3 g5 44. h3 Kf5 45. Kf3 Ke5 46. Ke3 Kf5 47. Kf3 Ke5 48. Ke3 1/2-1/2


[Site "https://www.chess.com"]

[Event "Titled Tuesday Blitz April 19 Early 2022"]
[White "Thomas, Anysia"]
[Black "Iskusnyh, Sergei"]
[WhiteFideId "670472"]
[BlackFideId "4120027"]
[WhiteElo "2002"]
[BlackElo "2492"]
[Result "0-1"]
[Round "01"]
[TimeControl "180+1"]
[Date "2022.04.19"]
[WhiteClock "0:00:50"]
[BlackClock "0:01:35"]

1. d4 d5 2. c4 c6 3. Nf3 Nf6 4. e3 a6 5. Qb3 Qc7 6. Nc3 e6 7. Bd2 Nbd7 8. Rc1 Bd6 9. Bd3 O-O 10. e4 dxe4 11. Nxe4 Nxe4 12. Bxe4 c5 13. O-O cxd4 14. Qd3 f5 15. Nxd4 Nc5 16. Qh3 Nxe4 17. Be3 e5 18. Nf3 f4 19. Qh4 Be7 0-1


[Site "https://www.chess.com"]

[Event "Titled Tuesday Blitz April 19 Early 2022"]
[White "Timofeev, Artyom"]
[Black "Przybylski, Wojciech"]
[WhiteFideId "4140419"]
[BlackFideId "1117599"]
[WhiteElo "2594"]
[BlackElo "2133"]
[Result "0-1"]
[Round "01"]
[TimeControl "180+1"]
[Date "2022.04.19"]
[WhiteClock "0:00:05"]
[BlackClock "0:00:16"]

1. e4 e5 2. Nf3 Nc6 3. Nc3 Nf6 4. Be2 Be7 5. O-O O-O 6. d4 d6 7. h3 Re8 8. Re1 h6 9. Be3 Bf8 10. Bb5 Bd7 11. dxe5 Nxe5 12. Nxe5 dxe5 13. Qe2 c6 14. Bd3 Be6 15. Rad1 Qc7 16. Bc4 Bb4 17. Bxe6 Rxe6 18. Bd2 Bc5 19. Na4 Be7 20. c4 Rd8 21. Be3 b6 22. Qc2 Bb4 23. Rf1 Bf8 24. a3 Re7 25. Nc3 Red7 26. b4 Rxd1 27. Rxd1 Rd7 28. Re1 Be7 29. Rb1 a6 30. a4 b5 31. c5 Qd8 32. Kf1 Rb7 33. Ke2 Kf8 34. Ra1 Rb8 35. axb5 axb5 36. Qd3 Qxd3+ 37. Kxd3 Ke8 38. Ra7 Rd8+ 39. Kc2 Rd7 40. Ra6 Rc7 41. f4 Nd7 42. Ra8+ Bd8 43. fxe5 Nxe5 44. Bf4 f6 45. Ne2 Kd7 46. Nd4 h5 47. Nf5 g6 48. Nd6 Be7 49. Bxe5 fxe5 50. Nf7 Ke6 51. Nh8 g5 52. Ng6 Bf6 53. g4 hxg4 54. hxg4 Kf7 55. Nf8 Be7 56. Nh7 Kg7 57. Nxg5 Bxg5 58. Re8 Bf6 59. g5 Bxg5 60. Rxe5 Bf6 61. Rf5 Kg6 62. Rf3 Re7 63. Kd3 Rd7+ 64. Kc2 Rd4 65. Kb3 Rxe4 66. Rd3 Re6 67. Rd7 Kf5 68. Kc2 Ke5 69. Kd3 Bg5 70. Rg7 Kf6 71. Rd7 Bf4 72. Rd8 Re7 73. Rc8 Re6 74. Rd8 Bg3 75. Rc8 Be1 76. Kc2 Bxb4 0-1


[Site "https://www.chess.com"]

[Event "Titled Tuesday Blitz April 19 Early 2022"]
[White "Todorovic, Bojan"]
[Black "Wagner, Dennis"]
[WhiteFideId "917087"]
[BlackFideId "24650684"]
[WhiteElo "2266"]
[BlackElo "2355"]
[Result "0-1"]
[Round "01"]
[TimeControl "180+1"]
[Date "2022.04.19"]
[WhiteClock "0:00:03"]
[BlackClock "0:00:26"]

1. d4 Nf6 2. c4 e6 3. Nf3 d5 4. Nc3 c5 5. cxd5 cxd4 6. Qa4+ Bd7 7. Qxd4 exd5 8. Bg5 Be7 9. e3 Nc6 10. Qd2 Be6 11. Be2 O-O 12. O-O h6 13. Bh4 Qb6 14. Rfd1 Rfd8 15. Nd4 Nxd4 16. Qxd4 Rac8 17. Qd2 Ne4 18. Bxe7 Nxd2 19. Bxd8 Qxb2 20. Na4 Qc2 21. Ba5 Nc4 22. Bxc4 dxc4 23. Nc3 b6 24. Bb4 a5 25. Rac1 Qb2 26. Bd6 b5 27. Ne4 b4 28. Nc5 c3 29. Nxe6 fxe6 30. Be5 Qxa2 31. Rd7 c2 32. Rxg7+ Kf8 33. Rh7 Qb1 34. Rh8+ Kf7 0-1


[Site "https://www.chess.com"]

[Event "Titled Tuesday Blitz April 19 Early 2022"]
[White "Tologon tegin, Semetei"]
[Black "Krylov, Ivan"]
[WhiteFideId "13800574"]
[BlackFideId "24128066"]
[WhiteElo "2258"]
[BlackElo "2258"]
[Result "1-0"]
[Round "01"]
[TimeControl "180+1"]
[Date "2022.04.19"]
[WhiteClock "0:02:08"]
[BlackClock "0:02:20"]

1. e4 c6 2. Nc3 d5 3. Nf3 dxe4 4. Nxe4 Nd7 5. Bc4 Ndf6 6. Neg5 e6 7. Ne5 Nh6 8. O-O Bd6 9. Qe2 Qc7 10. d4 O-O 11. c3 c5 12. Bb3 Bd7 13. Re1 Nd5 14. Qe4 Bc6 15. Qxh7# 1-0


[Site "https://www.chess.com"]

[Event "Titled Tuesday Blitz April 19 Early 2022"]
[White "Topalov, Aleksandar"]
[Black "Seo, Jung Min"]
[WhiteFideId "925659"]
[BlackFideId "1734687"]
[WhiteElo "2158"]
[BlackElo "2401"]
[Result "0-1"]
[Round "01"]
[TimeControl "180+1"]
[Date "2022.04.19"]
[WhiteClock "0:00:01"]
[BlackClock "0:00:41"]

1. b3 d5 2. Bb2 Bf5 3. Nf3 e6 4. g3 h6 5. Bg2 Nf6 6. O-O Nbd7 7. d3 Be7 8. Nbd2 O-O 9. e3 c6 10. Qe2 a5 11. a3 Qb6 12. Rab1 Bh7 13. e4 Rfd8 14. Kh1 Rac8 15. Ne5 Nxe5 16. Bxe5 Nd7 17. Bb2 Qc7 18. f4 Re8 19. Rbe1 b5 20. Qf3 Bf8 21. f5 dxe4 22. dxe4 a4 23. fxe6 fxe6 24. Qf7+ Kh8 25. Bh3 Nc5 26. Qh5 axb3 27. cxb3 Nd3 28. Ba1 Nxe1 29. Rxe1 Bxa3 30. Qxh6 Bb4 31. Re2 Qe7 32. Nf3 Kg8 33. Qh5 Qf7 34. Qg4 Rcd8 35. Kg2 Rd1 36. Be5 Bf8 37. Rf2 Qd7 38. Ng5 Rd2 39. Qh5 Rxf2+ 40. Kxf2 g6 41. Qg4 Bg7 42. Bxg7 Kxg7 43. Nxe6+ Kg8 44. Qf4 Qe7 45. Qe5 g5 46. Bg4 Bg6 47. h4 gxh4 48. gxh4 Qxh4+ 49. Kf3 Qe7 50. Ke3 c5 0-1


[Site "https://www.chess.com"]

[Event "Titled Tuesday Blitz April 19 Early 2022"]
[White "Tristan, Leonardo"]
[Black "Warchol, Kamil"]
[WhiteFideId "113816"]
[BlackFideId "21858241"]
[WhiteElo "2404"]
[BlackElo "1910"]
[Result "1-0"]
[Round "01"]
[TimeControl "180+1"]
[Date "2022.04.19"]
[WhiteClock "0:00:39"]
[BlackClock "0:00:35"]

1. d4 d6 2. e4 Nf6 3. Nc3 e5 4. Nf3 Nbd7 5. Bc4 Be7 6. O-O O-O 7. Re1 c6 8. a4 Qc7 9. Ba2 a5 10. d5 h6 11. h3 cxd5 12. Nxd5 Nxd5 13. Bxd5 Nf6 14. Bb3 Be6 15. c3 Rad8 16. Bxe6 fxe6 17. Qb3 Kf7 18. Be3 Nd7 19. Rad1 Nc5 20. Qc4 Bf6 21. b4 axb4 22. cxb4 Na6 23. Qb3 Be7 24. Rc1 Qb8 25. b5 Nc5 26. Bxc5 dxc5 27. a5 Bd6 28. Red1 Rfe8 29. b6 Qa8 30. Qb5 Kf6 31. Rd3 Be7 32. Ra3 Qa6 33. Qb2 Bd6 34. Nd2 Bb8 35. Rxc5 Qe2 36. Nc4 Qe1+ 37. Kh2 Qxe4 38. Re3 Qd4 39. Qb5 e4+ 40. g3 Rd5 41. Rxd5 exd5 42. Qxe8 Bxg3+ 43. Kxg3 Qd1 44. Qf8+ Kg6 45. Ne5+ Kh7 46. Qf5+ Kg8 47. Kg2 Qd4 48. Rg3 1-0


[Site "https://www.chess.com"]

[Event "Titled Tuesday Blitz April 19 Early 2022"]
[White "Trost, Edvin"]
[Black "Sailer, Mike"]
[WhiteFideId "1729519"]
[BlackFideId "2012901"]
[WhiteElo "2160"]
[BlackElo "2109"]
[Result "1-0"]
[Round "01"]
[TimeControl "180+1"]
[Date "2022.04.19"]
[WhiteClock "0:00:05"]
[BlackClock "0:00:02"]

1. d4 d5 2. c4 Bf5 3. cxd5 Bxb1 4. Qa4+ Qd7 5. Qxd7+ Nxd7 6. Rxb1 Ngf6 7. Nf3 Nb6 8. a3 Nbxd5 9. g3 e6 10. Bg2 Be7 11. O-O O-O 12. Ne5 Rfd8 13. Rd1 Nd7 14. Nxd7 Rxd7 15. Bd2 Rad8 16. Rbc1 c6 17. e3 f5 18. Kf1 g5 19. Ke2 Kf7 20. Ba5 Rg8 21. Rd3 h5 22. Rb3 h4 23. Rd3 hxg3 24. hxg3 Rh8 25. Rh1 Rxh1 26. Bxh1 Rd8 27. Bd2 Rh8 28. Bg2 Rh2 29. Kf1 Ke8 30. Rb3 b6 31. Be1 Kd7 32. Rd3 g4 33. Rd1 Rh8 34. Bd2 Nf6 35. Rc1 c5 36. dxc5 bxc5 37. Bc3 Rb8 38. Rd1+ Ke8 39. Bc6+ Kf7 40. Ke2 Rb6 41. Bg2 Rd6 42. Rh1 Rd8 43. Rh6 Rd7 44. Rh8 Rd8 45. Rh1 Rd7 46. Be5 Rd8 47. Rc1 Rd7 48. Rc3 Rd8 49. Rb3 Rd7 50. Rb8 Nd5 51. e4 fxe4 52. Bxe4 Bf6 53. Bxf6 Kxf6 54. Rc8 Ke5 55. Bg2 Kd4 56. Rg8 Nf6 57. Rg6 Rf7 58. Rg5 e5 59. Rf5 Rf8 60. Bc6 c4 61. Ba4 Rf7 62. Bc2 Rf8 63. Bd1 Rf7 64. Bc2 Rf8 65. Ke1 Rf7 66. Ba4 Rf8 67. Bd1 Rf7 68. Bxg4 Rf8 69. Be2 Rf7 70. g4 Rf8 71. Kf1 Nd7 72. Rh5 Nf6 73. Rh4 Rg8 74. g5+ e4 75. gxf6 Rf8 76. Rf4 Rf7 77. Bh5 Rf8 78. f7 Ke5 79. Rg4 Kf5 80. Rg8 Rxf7 81. Bxf7 1-0


[Site "https://www.chess.com"]

[Event "Titled Tuesday Blitz April 19 Early 2022"]
[White "Tsyhanchuk, Stanislav"]
[Black "Horobetz, Graham"]
[WhiteFideId "13505130"]
[BlackFideId "2047322"]
[WhiteElo "2078"]
[BlackElo "2611"]
[Result "1-0"]
[Round "01"]
[TimeControl "180+1"]
[Date "2022.04.19"]
[WhiteClock "0:00:23"]
[BlackClock "0:00:16"]

1. d4 Nf6 2. c4 e6 3. Nc3 Bb4 4. Nf3 d5 5. cxd5 exd5 6. Bg5 h6 7. Bh4 O-O 8. e3 Bf5 9. Qb3 Be7 10. Qxb7 Nbd7 11. Qa6 Rb8 12. Bb5 c6 13. Bxc6 Rb6 14. Qa4 Rxb2 15. O-O Nb6 16. Qa6 Qc7 17. Ne5 Bd6 18. Nb5 Qe7 19. Bg3 Bxe5 20. Bxe5 Bd3 21. Rfd1 Bc4 22. a4 Ng4 23. Bg3 Nc8 24. h3 Nxe3 25. fxe3 Qxe3+ 26. Kh2 Qe2 27. Rg1 Ne7 28. Rae1 Qc2 29. Rxe7 f5 30. Be5 Rf7 31. Qc8+ 1-0


[Site "https://www.chess.com"]

[Event "Titled Tuesday Blitz April 19 Early 2022"]
[White "Urbina Perez, Juan Antonio"]
[Black "Demchenko, Anton"]
[WhiteFideId "2217368"]
[BlackFideId "4160258"]
[WhiteElo "2192"]
[BlackElo "2539"]
[Result "1-0"]
[Round "01"]
[TimeControl "180+1"]
[Date "2022.04.19"]
[WhiteClock "0:00:22"]
[BlackClock "0:00:08"]

1. e4 e5 2. Nf3 Nc6 3. Bb5 a6 4. Ba4 Nge7 5. Nc3 d6 6. O-O h6 7. d4 b5 8. d5 bxa4 9. dxc6 Nxc6 10. Nxa4 Be7 11. Nc3 O-O 12. Nd5 f5 13. Nd2 Be6 14. Nxe7+ Qxe7 15. b3 Qh4 16. f3 Rad8 17. Bb2 fxe4 18. Nxe4 Ne7 19. Qe1 Qxe1 20. Rfxe1 Nd5 21. Rad1 Nf4 22. c4 Bf5 23. Bc1 Ne6 24. Nc3 Nd4 25. Be3 c5 26. Nd5 Rf7 27. f4 Kh7 28. fxe5 dxe5 29. Bf2 Bg4 30. Rd2 Re8 31. h3 Bc8 32. Bxd4 cxd4 33. Rxd4 Bb7 34. Rde4 Rf5 35. R4e2 h5 36. Rf2 Kg6 37. Ne3 Rxf2 38. Kxf2 Rd8 39. Rd1 Rf8+ 40. Kg1 Rf7 41. Rd6+ Kg5 42. Re6 Kf4 43. Nd5+ Bxd5 44. cxd5 Rc7 45. Kh2 Rc2 46. Rxa6 e4 47. Re6 Rd2 48. d6 Rxa2 49. d7 Rd2 50. Re7 e3 51. b4 Kf5 52. b5 Kf6 53. Rxe3 Rxd7 54. Rb3 Rb7 55. b6 h4 56. Rb4 g5 57. Kg1 Ke5 58. Kf2 Kd6 59. Kf3 Kc6 60. Kg4 Kc5 61. Rb2 Kc6 62. Kxg5 Rg7+ 63. Kxh4 Kb7 64. g4 Rh7+ 65. Kg3 Rd7 66. h4 Rd3+ 67. Kf4 Rd4+ 68. Kf5 1-0


[Site "https://www.chess.com"]

[Event "Titled Tuesday Blitz April 19 Early 2022"]
[White "Vidonyak, Roman"]
[Black "Bacrot, Etienne"]
[WhiteFideId "14100622"]
[BlackFideId "605506"]
[WhiteElo "2484"]
[BlackElo "2673"]
[Result "0-1"]
[Round "01"]
[TimeControl "180+1"]
[Date "2022.04.19"]
[WhiteClock "0:00:03"]
[BlackClock "0:00:23"]

1. d4 d5 2. c4 e6 3. Nc3 Nf6 4. cxd5 exd5 5. Bg5 Be7 6. e3 c6 7. Bd3 Nbd7 8. Nge2 Nf8 9. Qc2 h6 10. Bh4 Ne6 11. O-O O-O 12. f3 b5 13. Rae1 Bb7 14. Kh1 a5 15. Bf5 a4 16. Ng1 a3 17. b3 Re8 18. Bf2 Bb4 19. Rd1 Qa5 20. Nce2 Nf8 21. e4 dxe4 22. fxe4 c5 23. e5 Nd5 24. dxc5 Rxe5 25. c6 Bc8 26. Be4 Nf6 27. Bf3 Bf5 28. Qc1 Ne4 29. Qf4 Rae8 30. Bxe4 Bxe4 31. Bd4 Rf5 32. Qg3 Rg5 33. Qf2 Bxg2+ 34. Qxg2 Rxg2 35. Kxg2 Qa8 36. Rf3 Qxc6 37. Rf1 Ne6 38. Ba1 Ng5 39. Nd4 Qd5 40. Nge2 Nxf3 41. Rxf3 Bc5 42. Kg3 Qg5+ 43. Kf2 Qd2 0-1


[Site "https://www.chess.com"]

[Event "Titled Tuesday Blitz April 19 Early 2022"]
[White "Vokarev, Sergey"]
[Black "Yanayt, Eugene"]
[WhiteFideId "4119711"]
[BlackFideId "2020165"]
[WhiteElo "2343"]
[BlackElo "2046"]
[Result "1-0"]
[Round "01"]
[TimeControl "180+1"]
[Date "2022.04.19"]
[WhiteClock "0:02:04"]
[BlackClock "0:02:08"]

1. e4 c5 2. Nf3 d6 3. d4 cxd4 4. Qxd4 a6 5. Be2 Nc6 6. Qe3 g6 7. O-O Bh6 8. Qc3 f6 9. Nbd2 Be6 10. Bc4 Qd7 11. Qb3 Bxc4 12. Nxc4 Bxc1 13. Nb6 Qd8 14. Nxa8 Na5 15. Qc3 Bh6 16. Nc7+ Kf7 17. Qxa5 e6 1-0


[Site "https://www.chess.com"]